 Dungeon Crawl Stone Soup version 0.19.5 (webtiles) character file.

58 6a6kaBkacke the Covered (level 3, -1/33 HPs)
             Began as a Minotaur Fighter on May 9, 2017.
             Slain by Sigmund
             ... wielding a +1 scythe of freezing
              (2 damage)
             ... on level 3 of the Dungeon.
             The game lasted 00:05:54 (1276 turns).

6a6kaBkacke the Covered (Minotaur Fighter)          Turns: 1276, Time: 00:05:54

Health: -1/33      AC:  7    Str: 20    XL:     3   Next: 75%
Magic:  2/2        EV:  5    Int:  6    God:
Gold:   128        SH:  9    Dex:  9    Spells: 0 memorised, 2 levels left

rFire  . . .     SeeInvis .     a - +0 war axe
rCold  . . .     Gourm    .     p - -2 chain mail (curse)
rNeg   . . .     Faith    .     c - +0 shield
rPois  .         Spirit   .     (helmet restricted)
rElec  .         Reflect  .     (no cloak)
rCorr  .         Harm     .     (no gloves)
MR     .....                    (no boots)
Stlth  ..........               (no amulet)
                                (no ring)
                                (no ring)

@: no status effects
A: retaliatory headbutt, horns 2
a: no special abilities


You were on level 3 of the Dungeon.
You were very hungry.

You visited 1 branch of the dungeon, and saw 3 of its levels.

You collected 128 gold pieces.

Inventory:

Hand Weapons
 a - a +0 war axe (weapon)
Missiles
 n - 12 tomahawks (quivered)
Armour
 b - a +0 scale mail
 c - a +0 shield (worn)
 p - a cursed -2 chain mail (worn)
Scrolls
 i - 2 scrolls of remove curse {unknown}
 l - a scroll of amnesia
 q - a scroll of identify
 r - 2 scrolls of teleportation {unknown}
Potions
 d - a potion of might
 e - a potion of berserk rage {unknown}
 g - a potion of curing
 h - 2 potions of heal wounds
 j - a potion of haste
 k - 2 potions of agility {unknown}
 m - a potion of resistance {unknown}
Comestibles
 f - 2 bread rations
 o - 2 meat rations


   Skills:
 * Level 3.9 Fighting
 * Level 3.4 Axes
 * Level 4.4 Armour
 + Level 4.2 Shields


You had 2 spell levels left.
You didn't know any spells.

Dungeon Overview and Level Annotations

Branches:
Dungeon (3/15)

Altars:
Elyvilon

Annotations:
D:3 Sigmund


Innate Abilities, Weirdness & Mutations

You reflexively headbutt those who attack you in melee.
You have a pair of horns on your head.


Message History

Sigmund laughs darkly.
Sigmund casts a spell at you. The magic dart hits you!
* * * LOW HITPOINT WARNING * * *
The frilled lizard bites you but does no damage.
You are too injured to fight recklessly!
You feel better. You block Sigmund's attack.
The frilled lizard bites you but does no damage.
Sigmund hits you from afar with a scythe of freezing!
* * * LOW HITPOINT WARNING * * *
Sigmund freezes you.
* * * LOW HITPOINT WARNING * * *
There are monsters nearby!
Wield which item (- for none, * to show all)? (? for menu, Esc to quit)
Okay, then.
You feel better. You block the frilled lizard's attack.
Sigmund hits you with a scythe of freezing!
* * * LOW HITPOINT WARNING * * *
Sigmund freezes you.
You die...

#######.#
........#####
..........†>####
.#####(........#######
.# #.#.............#
.# #.#.###.#.#.....#
.# #.#.....#.#.#####
.#####.#.....#..l....#
.<..##.#.###.#..@....#
..#.##.......#.#@##..#
..#...............#..#
.....## .####.##..#..#
..†..# ... #..#..#
.....# #.### #..#..#
.....# #.#####..#..#
.....# #...........#
.......
###########l###


You could see Sigmund and a frilled lizard.

Vanquished Creatures
  2 adders
  A worm (D:3)
  2 dart slugs
  2 bats (D:2)
  3 giant cockroaches (D:2)
  2 hobgoblins (D:2)
  5 jackals
  6 kobolds
  A frilled lizard (D:2)
  4 goblins
  3 rats
31 creatures vanquished.

Notes
Turn   | Place    | Note
-------+----------+-------------------------------------------
     0 | D:1      | 6a6kaBkacke the Minotaur Fighter began the quest for the Orb.
     0 | D:1      | Reached XP level 1. HP: 19/19 MP: 0/0
   485 | D:1      | Reached XP level 2. HP: 27/27 MP: 1/1
   722 | D:2      | Reached XP level 3. HP: 27/33 MP: 2/2
  1015 | D:2      | Found a white marble altar of Elyvilon.
  1243 | D:3      | Noticed Sigmund
  1276 | D:3      | HP: 1/33 [Sigmund/scythe of freezing (10)]
  1276 | D:3      | Slain by Sigmund

Skill      XL: |  1  2  3 |
---------------+----------+-----
Armour         | 4 |  4.4
Shields        | 4 |  4.2
Axes           | 3 |  3.4
Fighting       | |  3.9

Action                   || total
-------------------------++-------
Melee: War axe           ||    71
       Headbutt          ||     6
  Use: Scroll            ||     4
       Potion            ||     2
Armor: Scale mail        ||    31
       Chain mail        ||     9
Dodge: Dodged            ||    20
Block: Shield            ||    44
